 Dungeon Crawl Stone Soup version 0.19.5 (webtiles) character file.

11089 BugsBunnySan the Gouger (level 11, -14/54 HPs)
             Began as a Felid Berserker on Mar 7, 2017.
             Was an Elder of Trog.
             Hit by a large rock thrown by a cyclops (36 damage)
             ... on level 14 of the Dungeon.
             The game lasted 00:33:37 (15016 turns).

BugsBunnySan the Gouger (Felid Berserker)          Turns: 15016, Time: 00:33:37

Health: -14/54     AC:  4    Str: 13    XL:     11   Next: 44%
Magic:  12/12      EV: 28    Int:  9    God:    Trog [****..]
Gold:   872        SH:  0    Dex: 23    Spells: 0 memorised, 10 levels left
                                        Lives:  0   Deaths: 2

rFire  . . .     SeeInvis +       - Unarmed
rCold  . . .     Gourm    .     (armour unavailable)
rNeg   . . .     Faith    .     (shield unavailable)
rPois  .         Spirit   .     (helmet unavailable)
rElec  .         Reflect  .     (cloak unavailable)
rCorr  .         Harm     .     (gloves unavailable)
MR     ++...                    (boots unavailable)
Stlth  ++++++....               (no amulet)
                                o - ring of protection from magic
                                N - +4 ring of dexterity

@: quick
A: no armour, no weapons or thrown items, stealth, claws 1, fangs 3, icy blue
scales 1, see invisible, carnivore 3, speed 1, shaggy fur 2, slow metabolism 1,
MP-powered wands, sharp paws
a: Berserk, Trog's Hand, Brothers in Arms, Burn Spellbooks, Renounce Religion


You were on level 14 of the Dungeon.
You worshipped Trog.
Trog was greatly pleased with you.
You were completely stuffed.

You visited 2 branches of the dungeon, and saw 15 of its levels.
You also visited: Ice Cave.

You collected 872 gold pieces.

Inventory:

Jewellery
 o - a ring of protection from magic (right paw)
 C - an uncursed ring of flight
 N - a +4 ring of dexterity (left paw)
Wands
 c - a wand of iceblast (8/15)
 g - a wand of paralysis (8/24)
Scrolls
 e - a scroll of fear {unknown}
 f - 4 scrolls of identify
 j - a scroll of fog
 l - 6 scrolls of recharging
 m - 4 scrolls of magic mapping
 p - 7 scrolls of remove curse
 z - 2 scrolls of teleportation
Potions
 d - a potion of might
 h - 4 potions of agility
 s - 2 potions of heal wounds
 v - 2 potions of brilliance
 x - 2 potions of lignification
 H - 4 potions of curing
Books
 B - a book of Necromancy

   Spells                             Type                      Level
   a - Pain                           Necromancy                   1
   b - Animate Skeleton               Necromancy                   1
   c - Vampiric Draining              Necromancy                   3
   d - Regeneration                   Charms/Necromancy            3
   e - Animate Dead                   Necromancy                   4
   f - Control Undead                 Necromancy                   4
   Trog disapproves of the use of such an item.
Miscellaneous
 O - a disc of storms
Comestibles
 a - 7 meat rations
 b - 13 chunks of flesh
 n - 3 royal jellies
 r - 2 beef jerkies
 F - 2 slices of pizza


   Skills:
 * Level 10.0 Fighting
 + Level 10.3 Dodging
 + Level 12.4 Stealth
 + Level 14.5 Unarmed Combat


You had 10 spell levels left.
You didn't know any spells.

Dungeon Overview and Level Annotations

Branches:
Dungeon (14/15)            Temple (1/1) D:5             Orc (0/2) D:12
   Lair: D:8-11      Vaults: D:13-14

Altars:
Ashenzari
Cheibriados
Dithmenos
Elyvilon
Fedhas
Gozag
Hepliaklqana
Kikubaaqudgha
Makhleb
Nemelex Xobeh
Okawaru
Qazlal
Ru
Sif Muna
Trog
Uskayaw
Vehumet
Xom
Yredelemnul
Zin
The Shining One

Shops:
D:6 (   D:9 [

Annotations:
D:11 exclusion: oklob plant


Innate Abilities, Weirdness & Mutations

You cannot wear armour.
You are incapable of wielding weapons or throwing items.
Your paws allow you to move quietly. (Stealth)
You have sharp claws.
You have razor-sharp teeth.
You have supernaturally acute eyesight. (SInv)
You are carnivorous and can eat meat at any time.
You cover ground quickly.
You are covered in thick fur. (AC +2)
You have a slow metabolism.
Your sharp claws are effective at attacking unaware monsters.
You are partially covered in icy blue scales. (AC +2)
You expend magic power (3 MP) to strengthen your wands.


Message History

You start waiting.
You feel less exhausted.
You start waiting.
Done waiting.
There is a stone staircase leading down here.
You climb downwards. 2 cyclopes come into view.
Found a stone staircase leading down.
There is a stone staircase leading up here.
The cyclops shouts!
The cyclops throws a large rock.
The large rock closely misses you.
There is a stone staircase leading down here.
You see here a large rock.
The cyclops shouts!
There is a stone staircase leading up here.
The cyclops throws a large rock.
The large rock hits you!!
Ouch! That really hurt!
The cyclops throws a large rock.
The large rock hits you!!!
Ouch! That really hurt!
You die...

.# ... ...#
....# .....#
......#
.......#######..
.......@>.......
..C......#######
.........#
..........
...##...... ..
###.C... .
##..... #......


You could see 2 cyclopes.

Vanquished Creatures
  Snorg (D:12)
  A hydra (D:8)
  A centaur warrior (D:13)
  An unseen horror (D:12)
  4 hill giants
  2 deep elf magi
  2 ugly things (IceCv)
  A cyclops (D:13)
  2 guardian serpents (D:10)
  2 ice statues (IceCv)
  A gargoyle (D:13)
  3 trolls
  A two-headed ogre (D:12)
  Grinder (D:6)
  2 hippogriffs
  9 slime creatures
  A wraith (D:12)
  A spriggan (D:7)
  Sigmund (D:6)
  11 yaks
  Eustachio (D:6)
  A wyvern (D:7)
  Grum (D:8)
  A hungry ghost (D:9)
  2 water moccasins
  10 ice beasts
  4 orc warriors
  An eye of draining (D:7)
  2 sky beasts
  A black bear (D:8)
  3 wolves (D:8)
  4 ogres
  A centaur (D:8)
  A wyvern zombie (D:8)
  5 bullfrogs
  6 scorpions
  2 troll zombies (D:12)
  14 killer bees
  4 wights (D:7)
  4 howler monkeys
  A bullfrog zombie (D:8)
  4 crimson imps
  4 jellies
  A centaur skeleton (D:10)
  5 hounds
  An orc priest (D:7)
  2 bullfrog skeletons
  2 centaur zombies
  5 orc wizards
  8 iguanas
  8 worker ants
  A killer bee zombie (D:5)
  5 ogre zombies (D:12)
  A hound zombie (D:10)
  A howler monkey zombie (D:6)
  4 gnolls
  10 adders
  6 shadow imps
  An adder zombie (D:5)
  An adder skeleton (D:5)
  8 worms
  2 dart slugs
  4 leopard geckos
  35 orcs
  A ball python (D:3)
  10 bats
  5 giant cockroaches
  7 goblins
  2 hobgoblins
  12 jackals
  7 quokkas
  7 frilled lizards
  A goblin zombie (D:12)
  2 hobgoblin skeletons (D:12)
  A hobgoblin zombie (D:12)
  8 kobolds
  2 orc skeletons (D:12)
  18 orc zombies (D:12)
  A quokka skeleton (D:6)
  4 rats
  A plant (D:11)
325 creatures vanquished.

Vanquished Creatures (collateral kills)
  An ice statue (IceCv)
  2 rime drakes (D:12)
  2 hungry ghosts (D:12)
  A crimson imp (D:12)
  An orc priest (D:12)
  A hound (D:12)
  An ogre zombie (D:12)
  An orc zombie (D:12)
10 creatures vanquished.

Vanquished Creatures (others)
  A quokka (D:12)
1 creature vanquished.

Grand Total: 336 creatures vanquished

Notes
Turn   | Place    | Note
-------+----------+-------------------------------------------
     0 | D:1      | BugsBunnySan the Felid Berserker began the quest for the Orb.
     0 | D:1      | Reached XP level 1. HP: 10/10 MP: 2/2
   107 | D:1      | Reached XP level 2. HP: 14/14 MP: 3/3
   854 | D:2      | Reached XP level 3. HP: 17/17 MP: 4/4
   937 | D:2      | Reached skill level 1 in Stealth
   940 | D:2      | Reached skill level 4 in Unarmed Combat
   940 | D:2      | Reached XP level 4. HP: 2/21 MP: 5/5
   942 | D:2      | Reached skill level 5 in Dodging
  1514 | D:2      | Reached ** piety under Trog
  1584 | D:3      | Reached XP level 5. HP: 25/25 MP: 6/6
  2815 | D:3      | You fall through a shaft for 3 floors!
  2841 | D:6      | Gained mutation: You are covered in thick fur. (AC +2) [Felid growth]
  2841 | D:6      | Reached XP level 6. HP: 15/28 MP: 7/7
  3030 | D:6      | Noticed Eustachio
  3058 | D:6      | Reached skill level 5 in Unarmed Combat
  3097 | D:6      | Killed Eustachio
  3221 | D:6      | Noticed Sigmund
  3224 | D:6      | Killed Sigmund
  3224 | D:6      | Reached XP level 7. HP: 33/33 MP: 8/8
  3254 | D:6      | Reached skill level 5 in Fighting
  3254 | D:6      | Reached skill level 6 in Unarmed Combat
  3267 | D:5      | Entered Level 5 of the Dungeon
  3282 | D:5      | Found a stormy altar of Qazlal.
  3282 | D:5      | Found a hide-covered altar of Uskayaw.
  3392 | D:3      | Reached *** piety under Trog
  3682 | D:3      | Found an ancient bone altar of Kikubaaqudgha.
  3927 | D:4      | Reached skill level 5 in Stealth
  4339 | D:5      | Found a bloodstained altar of Trog.
  4348 | D:5      | Reached XP level 8. HP: 37/37 MP: 9/9
  4462 | D:5      | Found a shattered altar of Ashenzari.
  4462 | D:5      | Found a sparkling altar of Nemelex Xobeh.
  4529 | D:5      | Found a bloodstained altar of Trog.
  4530 | D:5      | Found a shadowy altar of Dithmenos.
  4697 | D:5      | Found a staircase to the Ecumenical Temple.
  4983 | Temple   | Entered the Ecumenical Temple
  5373 | D:6      | Reached skill level 7 in Unarmed Combat
  5525 | D:6      | Noticed Grinder
  5535 | D:6      | Killed Grinder
  5858 | D:6      | Found Uttuti's Antique Weapon Shoppe.
  6056 | D:7      | Reached **** piety under Trog
  6434 | D:7      | Reached skill level 8 in Unarmed Combat
  6434 | D:7      | Reached XP level 9. HP: 42/42 MP: 10/10
  7097 | D:7      | Reached skill level 9 in Unarmed Combat
  7327 | D:7      | HP: 1/43 [orc/flail of pain (7)]
  7775 | D:8      | Noticed Grum
  7782 | D:8      | Killed Grum
  7788 | D:8      | Reached skill level 10 in Stealth
  8078 | D:9      | Reached XP level 10. HP: 32/47 MP: 11/11
  8304 | D:8      | Reached skill level 10 in Unarmed Combat
  8646 | D:8      | Noticed a six-headed hydra
  8649 | D:8      | Killed a six-headed hydra
  9011 | D:8      | Noticed a hill giant
  9019 | D:8      | Killed a hill giant
  9019 | D:8      | Reached skill level 11 in Unarmed Combat
 10138 | D:10     | Entered Level 10 of the Dungeon
 10177 | D:9      | Found Tiss's Armour Emporium.
 10405 | D:9      | Reached XP level 11. HP: 36/52 MP: 12/12
 10525 | D:9      | Reached skill level 12 in Unarmed Combat
 11701 | D:10     | Noticed a hill giant
 11710 | D:10     | Killed a hill giant
 11887 | D:10     | Mangled by a guardian serpent
 11888 | D:10     | Reached XP level 10. HP: -6/73 MP: 11/11
 11945 | D:10     | Killed a guardian serpent
 12208 | D:10     | Noticed a guardian serpent
 12215 | D:10     | Killed a guardian serpent
 12222 | D:10     | Noticed a hill giant
 12282 | D:10     | Killed a hill giant
 12509 | D:11     | Found a basalt altar of Yredelemnul.
 12621 | D:12     | Reached skill level 13 in Unarmed Combat
 12651 | D:12     | Noticed a hill giant
 12672 | D:11     | Reached XP level 11. HP: 32/53 MP: 12/12
 12736 | D:11     | Noticed an oklob plant
 12787 | D:12     | Noticed Snorg
 12798 | D:12     | Killed Snorg
 12860 | D:12     | Found a staircase to the Orcish Mines.
 12872 | D:12     | Found a frozen archway.
 12879 | IceCv    | Entered an ice cave
 12948 | IceCv    | Noticed a white ugly thing
 12979 | IceCv    | Killed a white ugly thing
 13223 | IceCv    | Noticed a white ugly thing
 13243 | IceCv    | Mangled by a white ugly thing
 13244 | IceCv    | Reached XP level 10. HP: -8/49 MP: 11/11
 13309 | IceCv    | Killed a white ugly thing
 13352 | IceCv    | Gained mutation: You can translocate small distances at will. [mutagenic meat]
 13768 | Temple   | Lost mutation: You can translocate small distances at will. [potion of cure mutation]
 13774 | Temple   | Gained mutation: You are partially covered in icy blue scales. (AC +2) [potion of mutation]
 13774 | Temple   | Gained mutation: You expend magic power (3 MP) to strengthen your wands. [potion of mutation]
 14227 | D:12     | Killed a hill giant
 14227 | D:12     | Reached skill level 10 in Dodging
 14333 | D:12     | Noticed a deep elf mage
 14343 | D:12     | Killed a deep elf mage
 14343 | D:12     | Reached skill level 14 in Unarmed Combat
 14350 | D:12     | Reached XP level 11. HP: 53/53 MP: 12/12
 14396 | D:12     | Noticed an unseen horror
 14407 | D:12     | Killed an unseen horror
 14528 | D:12     | Found a white marble altar of Elyvilon.
 14741 | D:13     | Noticed a deep elf mage
 14750 | D:13     | Killed a deep elf mage
 14800 | D:13     | Noticed a centaur warrior
 14804 | D:13     | Killed a centaur warrior
 14866 | D:13     | Reached skill level 10 in Fighting
 15016 | D:14     | Hit by a large rock thrown by a cyclops

Skill      XL: |  1  2  3  4  5  6  7  8  9 10 11 |
---------------+----------------------------------+-----
Stealth        | 1 3 4 5 8 10 12 11 | 12.4
Unarmed Combat | 4 5 6 8 9 14 12 | 14.5
Dodging        | 5 6 7 10 | 10.3
Fighting       | 4 5 6 7 9 10 | 10.0

Action                   |  1- 3 |  4- 6 |  7- 9 | 10-12 || total
-------------------------+-------+-------+-------+-------++-------
Melee: Unarmed           |    76 |   125 |   240 |   533 ||   974
       Bite              |     8 |    11 |    20 |    65 ||   104
       Punch             |       |     3 |     9 |    33 ||    45
Invok: Berserk           |     1 |     4 |     8 |    23 ||    36
       Trog's Hand       |       |     3 |     2 |    17 ||    22
       Brothers in Arms  |       |       |       |     2 ||     2
       Burn Spellbooks   |       |       |       |     1 ||     1
  Use: Scroll            |       |       |     7 |    14 ||    21
       Potion            |       |       |     4 |     9 ||    13
 Stab: Sleeping          |     4 |     7 |    34 |    20 ||    65
       Distracted        |       |     2 |     1 |     2 ||     5
  Eat: Chunk             |     7 |    10 |    16 |    49 ||    82
Armor: Skin              |     4 |     7 |     9 |     8 ||    28
Dodge: Dodged            |    72 |    80 |   182 |   412 ||   746
